 Dungeon Crawl Stone Soup version 0.27.0-1-g7a089689b8 (webtiles) character file.

Game seed: 15439825827936812829

15059 bearlyready the Nimble (level 12, -6/97 HPs)
             Began as a Gnoll Monk on Aug 15, 2021.
             Was an Initiate of Gozag.
             Mangled by a molten gargoyle (8 damage)
             ... on level 13 of the Dungeon.
             The game lasted 00:41:22 (19906 turns).

bearlyready the Nimble (Gnoll Monk)                Turns: 19906, Time: 00:41:23

Health: -6/97      AC: 10    Str: 25    XL:     12   Next: 23%
Magic:  0/22       EV: 14    Int:  9    God:    Gozag
Gold:   265        SH: 11    Dex: 14    Spells: 25/25 levels left

rFire    . . .     SeeInvis .   G - +4 scimitar (flame)
rCold    . . .     Faith    .   N - +0 kite shield
rNeg     . . .     Spirit   +   E - +3 leather armour of Uckutt {rPois Str+10 Dex-2}
rPois    +         Reflect  .   j - +0 helmet
rElec    .         Harm     .   R - +0 cloak
rCorr    .         Rampage  .   C - +0 pair of gloves {archery}
Will     .....                  (no boots)
Stlth    ++++......             D - amulet of guardian spirit
HPRegen  0.26/turn              (no ring)
MPRegen  0.18/turn              (no ring)

@: studying Throwing
A: fangs 1, strong nose, distributed training
a: Renounce Religion, Potion Petition, Call Merchant, Bribe Branch


You were on level 13 of the Dungeon.
You worshipped Gozag.
Gozag was aware of your devotion.
You visited 1 branch of the dungeon, and saw 13 of its levels.

You collected 1844 gold pieces.
You spent 1579 gold pieces at shops.

Inventory:

Hand Weapons
 i - a +0 whip of venom
 n - a +0 hunting sling
 t - a +0 morningstar
 G - a +4 scimitar of flaming (weapon)
Missiles
 d - 90 bolts
 e - 235 stones
 u - 38 poisoned darts (quivered)
 y - 5 boomerangs
 B - 237 arrows
 H - 7 curare-tipped darts
 Q - 14 sling bullets
Armour
 j - a +0 helmet (worn)
 w - a +1 leather armour of cold resistance
 C - a +0 pair of gloves of archery (worn)
 E - the +3 leather armour of Uckutt (worn) {rPois Str+10 Dex-2}
   (You found it on level 7 of the Dungeon)

   Str:       It affects your strength (+10).
   Dex:       It affects your dexterity (-2).
   rPois:     It protects you from poison.
 F - the +1 ring mail of Narcissism {Fly}
   (You found it on level 7 of the Dungeon)

   Fly:       It grants you flight.
 N - a +0 kite shield (worn)
 R - a +0 cloak (worn)
Jewellery
 x - an amulet of regeneration
 D - an amulet of guardian spirit (around neck)
Wands
 r - a wand of polymorph (19)
 s - a wand of iceblast (14)
 P - a wand of paralysis (1)
 S - a wand of digging (3)
Scrolls
 c - 2 scrolls of fear {unknown}
 f - 4 scrolls of magic mapping {unknown}
 h - 5 scrolls of noise
 o - a scroll of torment {unknown}
 p - a scroll of summoning
 v - a scroll of immolation {unknown}
 A - a scroll of amnesia {unknown}
 I - 3 scrolls of vulnerability
 L - a scroll of holy word {unknown}
 O - 2 scrolls of enchant armour {unknown}
 T - 2 scrolls of blinking {unknown}
Potions
 a - a potion of cancellation {unknown}
 b - a potion of might {unknown}
 g - 3 potions of curing
 k - a potion of brilliance {unknown}
 l - 3 potions of magic
 m - 2 potions of mutation
 q - 7 potions of flight
 z - 3 potions of haste
 K - a potion of attraction {unknown}
 M - a potion of berserk rage {unknown}
Miscellaneous
 J - a piece from Xom's chessboard (15/15)


   Skills:
 + Level 9.7 Fighting
 + Level 7.1 Short Blades
 + Level 7.1 Long Blades
 + Level 7.1 Axes
 + Level 9.7 Maces & Flails
 + Level 7.1 Polearms
 + Level 7.1 Staves
 + Level 7.1 Slings
 + Level 7.1 Bows
 + Level 7.1 Crossbows
 + Level 8.2 Throwing
 + Level 7.1 Armour
 + Level 9.7 Dodging
 + Level 8.3 Stealth
 + Level 7.1 Shields
 + Level 7.1 Unarmed Combat
 + Level 7.1 Spellcasting
 + Level 5.9 Conjurations
 + Level 5.9 Hexes
 + Level 5.9 Summonings
 + Level 5.9 Necromancy
 + Level 5.9 Translocations
 + Level 5.9 Transmutations
 + Level 5.9 Fire Magic
 + Level 5.9 Ice Magic
 + Level 5.9 Air Magic
 + Level 5.9 Earth Magic
 + Level 5.9 Poison Magic
 + Level 7.7 Invocations
 + Level 7.1 Evocations


You had 25 spell levels left.
You didn't know any spells.
Your spell library contained the following spells:

 Spells                   Type           Power      Damage    Failure   Level
 Animate Skeleton         Necr           26%        N/A       5%          1
 Pain                     Necr           52%        1d6       5%          1
 Sting                    Tmut/Pois      52%        1d5       5%          1
 Summon Small Mammal      Summ           52%        N/A       5%          1
 Blink                    Tloc           N/A        N/A       9%          2
 Corpse Rot               Necr/Air       N/A        N/A       9%          2
 Poisonous Vapours        Pois/Air       26%        N/A       9%          2
 Static Discharge         Conj/Air       13%        N/A       9%          2
 Call Canine Familiar     Summ           13%        N/A       16%         3
 Ignite Poison            Fire/Tmut/Pois 13%        N/A       16%         3
 Mephitic Cloud           Conj/Pois/Air  13%        N/A       16%         3
 Stone Arrow              Conj/Erth      26%        3d8       16%         3
 Summon Guardian Golem    Hex/Summ       13%        N/A       16%         3
 Vampiric Draining        Necr           6%         2d6       16%         3
 Airstrike                Air            6%         N/A       47%         4
 Dispel Undead            Necr           13%        3d9       47%         4
 Olgreb's Toxic Radiance  Pois           13%        N/A       47%         4
 Summon Lightning Spire   Summ/Air       13%        N/A       47%         4
 Bolt of Magma            Conj/Fire/Erth 6%         4d6       83%         5
 Lightning Bolt           Conj/Air       6%         1d18      83%         5
 Manifold Assault         Tloc           13%        N/A       83%         5
 Death Channel            Necr           6%         N/A       100%        6
 Storm Form               Tmut/Air       6%         N/A       100%        7
 Maxwell's Capacitive Co  Air            6%         ∞         100%        8
 Shatter                  Erth           6%         3d9*      100%        9


Dungeon Overview and Level Annotations

Branches:
Dungeon (13/15)            Temple (0/1) D:7            Lair (0/6) D:9
    Orc (0/2) D:9
 Vaults: D:13-14

Altars:
Dithmenos
Elyvilon
Gozag
Hepliaklqana
Makhleb
Okawaru
Sif Muna
Uskayaw
Beogh

Shops:
D:2 !   D:4 :   D:8 *   D:9 :   D:12 *

Annotations:
D:9 3 runed translucent doors, Houndtax's ghost, novice NaEE


Innate Abilities, Weirdness & Mutations

You have very sharp teeth.
Your uncanny sense of smell can sniff out nearby items.
Your experience applies equally to all skills.


Message History

You are engulfed in flames!
You hit the molten gargoyle.
The molten gargoyle is moderately damaged.
You block the molten gargoyle's attack.
You hit the molten gargoyle.
The molten gargoyle is heavily damaged.
The molten gargoyle blasts magma at you!
The bolt of magma misses you.
You hit the molten gargoyle.
The molten gargoyle is heavily damaged.
The molten gargoyle blasts magma at you!
The bolt of magma hits you!!
* * * LOW HITPOINT WARNING * * *
You closely miss the molten gargoyle.
The molten gargoyle is heavily damaged.
The molten gargoyle blasts magma at you!
The bolt of magma misses you.
The molten gargoyle hits you with a +0 mace!
* * * LOW HITPOINT WARNING * * *
You are engulfed in flames!
* * * LOW HITPOINT WARNING * * *
Okay, then.
Okay, then.
Aiming: Paralyse
Press: ? - help, Shift-Dir - straight line, f - molten gargoyle
Aim: a molten gargoyle, wielding a +0 mace (heavily damaged, chance to affect: 32%)
The molten gargoyle easily resists.
The molten gargoyle barely misses you.
You riposte.
You hit the molten gargoyle but do no damage.
You bite the molten gargoyle.
The molten gargoyle is heavily damaged.
Aiming: Paralyse
Press: ? - help, Shift-Dir - straight line, f/p - molten gargoyle
Aim: a molten gargoyle, wielding a +0 mace (heavily damaged, chance to affect: 32%)
The molten gargoyle easily resists.
The molten gargoyle hits you with a +0 mace.
* * * LOW HITPOINT WARNING * * *
You are engulfed in flames!
You die...
Your body crumbles into a pile of gold.

#.##.######..>##
#.##.# ##.##
#.##.# #.#
#.##.# #.#
#.##.# #.# #.#
#.# #.#
.##.#######.#
.......<@9..#
.....####$###
### ##..###
#.#.#.#
.#.#.#.#.#.#
#...≈..$..#
..#.≈≈≈≈§≈..#
#.≈≈≈§§≈≈.#.#
..#.§≈88§§≈.##


You could see a molten gargoyle.

Vanquished Creatures
  2 hydras
  Erica (D:8)
  Sonja (D:10)
  A cyclops (D:12)
  An ugly thing (D:12)
  Joseph (D:10)
  2 molten gargoyles
  An unseen horror (D:12)
  Psyche (D:11)
  A kobold demonologist (D:12)
  2 trolls
  A merfolk (D:11)
  Grinder (D:4)
  A hornet (D:10)
  Prince Ribbit (D:5)
  3 wraiths
  13 yaks
  8 vampire mosquitoes
  3 water moccasins
  5 orc warriors
  2 black bears (D:5)
  An ice beast (D:7)
  2 sky beasts
  3 ogres
  9 centaurs
  4 kobold brigands
  5 bullfrogs
  3 gnoll sergeants
  A wyvern zombie (D:6)
  3 scorpions
  3 howler monkeys
  6 wights
  2 bullfrog skeletons (D:5)
  3 gnoll shamans
  A hound (D:6)
  3 iron imps (D:9)
  2 orc priests (D:9)
  A centaur skeleton (D:5)
  5 iguanas
  2 orc wizards (D:12)
  A killer bee zombie (D:8)
  A hound skeleton (D:4)
  Robin (D:3)
  A howler monkey zombie (D:7)
  25 gnolls
  2 howler monkey skeletons (D:5)
  7 adders
  A shadow imp (D:6)
  2 white imps
  An adder skeleton (D:4)
  3 worms
  31 orcs
  3 bats
  2 endoplasms
  A giant cockroach (D:4)
  7 hobgoblins
  11 jackals
  19 kobolds
  7 quokkas
  9 ball pythons
  6 frilled lizards
  14 goblins
  6 rats
272 creatures vanquished.

Vanquished Creatures (collateral kills)
  A boulder beetle (D:11)
  3 yaks (D:11)
4 creatures vanquished.

Vanquished Creatures (others)
  A molten gargoyle (D:13)
1 creature vanquished.

Grand Total: 277 creatures vanquished

Notes
Turn   | Place    | Note
-------+----------+-------------------------------------------
     0 | D:1      | bearlyready the Gnoll Monk began the quest for the Orb.
     0 | D:1      | Reached XP level 1. HP: 23/23 MP: 1/1
    94 | D:1      | Reached XP level 2. HP: 14/29 MP: 2/2
  1235 | D:2      | Reached XP level 3. HP: 34/35 MP: 3/3
  1379 | D:2      | Reached skill level 1 in Invocations
  1813 | D:2      | Reached skill level 1 in Short Blades
  1813 | D:2      | Reached skill level 1 in Long Blades
  1813 | D:2      | Reached skill level 1 in Axes
  1813 | D:2      | Reached skill level 1 in Polearms
  1813 | D:2      | Reached skill level 1 in Staves
  1813 | D:2      | Reached skill level 1 in Slings
  1813 | D:2      | Reached skill level 1 in Bows
  1813 | D:2      | Reached skill level 1 in Crossbows
  1813 | D:2      | Reached skill level 1 in Throwing
  1813 | D:2      | Reached skill level 1 in Armour
  1813 | D:2      | Reached skill level 1 in Shields
  1813 | D:2      | Reached skill level 1 in Unarmed Combat
  1813 | D:2      | Reached skill level 1 in Spellcasting
  1813 | D:2      | Reached skill level 1 in Evocations
  1813 | D:2      | Found Ochyzov's Distillery.
  1816 | D:2      | Bought a potion of heal wounds for 55 gold pieces
  2178 | D:2      | Reached XP level 4. HP: 36/41 MP: 5/5
  3204 | D:3      | Found a faded altar of an unknown god.
  3216 | D:3      | Reached skill level 1 in Conjurations
  3216 | D:3      | Reached skill level 1 in Hexes
  3216 | D:3      | Reached skill level 1 in Summonings
  3216 | D:3      | Reached skill level 1 in Necromancy
  3216 | D:3      | Reached skill level 1 in Translocations
  3216 | D:3      | Reached skill level 1 in Transmutations
  3216 | D:3      | Reached skill level 1 in Fire Magic
  3216 | D:3      | Reached skill level 1 in Ice Magic
  3216 | D:3      | Reached skill level 1 in Air Magic
  3216 | D:3      | Reached skill level 1 in Earth Magic
  3216 | D:3      | Reached skill level 1 in Poison Magic
  3350 | D:3      | Found a hide-covered altar of Uskayaw.
  3736 | D:4      | Noticed Robin
  3896 | D:3      | Reached XP level 5. HP: 20/47 MP: 6/6
  4223 | D:3      | Killed Robin
  4728 | D:4      | Found Lahaofuy's Self-Improvement Boutique.
  4786 | D:4      | Noticed Grinder
  4792 | D:4      | Paralysed by Grinder for 4 turns
  4805 | D:4      | Paralysed by Grinder for 6 turns
  4825 | D:4      | Paralysed by Grinder for 5 turns
  4857 | D:4      | Killed Grinder
  4858 | D:4      | Reached XP level 6. HP: 24/53 MP: 7/9
  5084 | D:4      | Reached XP level 7. HP: 34/59 MP: 10/10
  5558 | D:5      | Entered Level 5 of the Dungeon
  6126 | D:5      | Reached skill level 5 in Stealth
  6357 | D:4      | Reached XP level 8. HP: 56/67 MP: 12/12
  8143 | D:5      | Noticed Prince Ribbit
  8313 | D:6      | Found a shadowy altar of Dithmenos.
  8385 | D:6      | Found a white marble altar of Elyvilon.
  8385 | D:6      | Found a hazy altar of Hepliaklqana.
  8416 | D:5      | Killed Prince Ribbit
  9053 | D:6      | Reached XP level 9. HP: 41/73 MP: 14/14
  9225 | D:6      | Found an opulent altar of Gozag.
  9232 | D:6      | Became a worshipper of Gozag Ym Sagoz the Greedy
  9927 | D:6      | Found Yniet's General Store.
 11783 | D:7      | Found a staircase to the Ecumenical Temple.
 11802 | D:7      | Found an iron altar of Okawaru.
 11991 | D:7      | Reached skill level 5 in Invocations
 12698 | D:7      | Identified the +3 leather armour of Uckutt {rPois Str+10
                  | Dex-2}
 12725 | D:7      | Identified the +1 ring mail of Narcissism {Fly}
 13129 | D:8      | Noticed Erica
 13158 | D:8      | Killed Erica
 13159 | D:8      | Reached skill level 5 in Short Blades
 13159 | D:8      | Reached skill level 5 in Long Blades
 13159 | D:8      | Reached skill level 5 in Axes
 13159 | D:8      | Reached skill level 5 in Polearms
 13159 | D:8      | Reached skill level 5 in Staves
 13159 | D:8      | Reached skill level 5 in Slings
 13159 | D:8      | Reached skill level 5 in Bows
 13159 | D:8      | Reached skill level 5 in Crossbows
 13159 | D:8      | Reached skill level 5 in Throwing
 13159 | D:8      | Reached skill level 5 in Armour
 13159 | D:8      | Reached skill level 5 in Shields
 13159 | D:8      | Reached skill level 5 in Unarmed Combat
 13159 | D:8      | Reached skill level 5 in Spellcasting
 13159 | D:8      | Reached skill level 5 in Evocations
 13159 | D:8      | Reached XP level 10. HP: 37/81 MP: 15/17
 13408 | D:8      | Found Upheeg's CLEARANCE SALE! EVERYTHING MUST GO!.
 13548 | D:8      | Found a shimmering blue altar of Sif Muna.
 13840 | D:9      | Found a staircase to the Orcish Mines.
 13958 | D:9      | Found Lazisy's Book Shoppe.
 14165 | D:9      | Found a staircase to the Lair.
 14406 | D:9      | Found a runed translucent gate.
 14425 | D:9      | Noticed a four-headed hydra
 14623 | D:8      | Killed a one-headed hydra
 14723 | D:4      | Bought a manual of Throwing for 880 gold pieces
 14933 | D:9      | Found a runed translucent gate.
 14933 | D:9      | Found a runed translucent gate.
 14935 | D:9      | Noticed a cyclops
 14936 | D:9      | Found an opulent altar of Gozag.
 14936 | D:9      | Noticed a deep troll
 14937 | D:9      | Noticed Houndtax's ghost (novice NaEE)
 15012 | D:9      | Found a burning altar of Makhleb.
 15032 | D:9      | Reached XP level 11. HP: 86/87 MP: 19/19
 15233 | D:10     | Entered Level 10 of the Dungeon
 15259 | D:10     | Noticed a cyclops
 15721 | D:10     | Noticed Joseph
 15736 | D:10     | Killed Joseph
 16167 | D:10     | Noticed Sonja
 16177 | D:10     | Killed Sonja
 16178 | D:10     | Reached skill level 5 in Conjurations
 16178 | D:10     | Reached skill level 5 in Hexes
 16178 | D:10     | Reached skill level 5 in Summonings
 16178 | D:10     | Reached skill level 5 in Necromancy
 16178 | D:10     | Reached skill level 5 in Translocations
 16178 | D:10     | Reached skill level 5 in Transmutations
 16178 | D:10     | Reached skill level 5 in Fire Magic
 16178 | D:10     | Reached skill level 5 in Ice Magic
 16178 | D:10     | Reached skill level 5 in Air Magic
 16178 | D:10     | Reached skill level 5 in Earth Magic
 16178 | D:10     | Reached skill level 5 in Poison Magic
 16902 | D:11     | Noticed Psyche
 16904 | D:11     | Noticed a four-headed hydra
 16911 | D:11     | Killed a one-headed hydra
 16915 | D:11     | Killed Psyche
 17012 | D:11     | Noticed a boulder beetle
 17021 | D:11     | Killed a boulder beetle
 17877 | D:12     | Noticed a cyclops
 17879 | D:12     | Noticed a purple ugly thing
 17896 | D:12     | Killed a purple ugly thing
 17902 | D:12     | Killed a cyclops
 18440 | D:12     | Found Qoquduut's Assorted Antiques.
 18460 | D:12     | Reached XP level 12. HP: 83/96 MP: 17/22
 18526 | D:12     | Bought a potion of curing for 84 gold pieces
 18526 | D:12     | Bought a potion of haste for 280 gold pieces
 18526 | D:12     | Bought a potion of haste for 280 gold pieces
 19906 | D:13     | HP: 2/97 [molten gargoyle (5)]
 19906 | D:13     | Mangled by a molten gargoyle

Illustrated notes

Levels and vault maps discovered:
D:1:      shiori_arrival_oz, layout_basic
D:2:      layout_basic, serial_shops, nicolae_shop_statue_plus
D:3:      layout_basic, nicolae_uskayaw_suspiria,
          shapermc_ecumenical_altar_mp_highgroup, minmay_surrounded
D:4:      layout_cave_pools, nicolae_shop_self_help, uniq_robin, uniq_grinder
D:5:      layout_cave_pools, uniq_prince_ribbit1
D:6:      layout_basic, nicolae_gozag_seed_capital,
          mainiacjoe_overflow_six_doors_small,
          chequers_temple_overflow_statue_of_worship, serial_shops,
          nicolae_shop_stone
D:7:      layout_basic, nicolae_overflow_crystal_walls, minmay_temple_entry_mist
D:8:      layout_rooms, led_sif_book, nicolae_shop_clearance, uniq_erica
D:9:      layout_rooms, demons_altar, lair_entry_dummy, david_orc_5,
          ebering_ghost_gozag, serial_shops, shop, hellmonk_bongcloud_opening
D:10:     layout_gridville, uniq_joseph, uniq_sonja
D:11:     layout_big_octagon, hangedman_fish_farm, uniq_psyche
D:12:     layout_roguey, serial_shops, kennysheep_mini_moat
D:13:     layout_loops_ring, lightli_vaults_fourway_checkpoint,
          hangedman_abyss_or_decor_stabs, minivault_8, uniq_jorgrun

Skill      XL: |  1  2  3  4  5  6  7  8  9 10 11 12 |
---------------+-------------------------------------+-----
Invocations    | 1 2 3 4 5 6 7 |  7.7
Short Blades   | 1 2 3 5 6 7 |  7.1
Long Blades    | 1 2 3 5 6 7 |  7.1
Axes           | 1 2 3 5 6 7 |  7.1
Polearms       | 1 2 3 5 6 7 |  7.1
Staves         | 1 2 3 5 6 7 |  7.1
Slings         | 1 2 3 5 6 7 |  7.1
Bows           | 1 2 3 5 6 7 |  7.1
Crossbows      | 1 2 3 5 6 7 |  7.1
Throwing       | 1 2 3 5 7 8 |  8.2
Armour         | 1 2 3 5 6 7 |  7.1
Shields        | 1 2 3 5 6 7 |  7.1
Unarmed Combat | 1 2 3 5 6 7 |  7.1
Spellcasting   | 1 2 3 5 6 7 |  7.1
Evocations     | 1 2 3 5 6 7 |  7.1
Conjurations   | 1 2 3 4 5 |  5.9
Hexes          | 1 2 3 4 5 |  5.9
Summonings     | 1 2 3 4 5 |  5.9
Necromancy     | 1 2 3 4 5 |  5.9
Translocations | 1 2 3 4 5 |  5.9
Transmutations | 1 2 3 4 5 |  5.9
Fire Magic     | 1 2 3 4 5 |  5.9
Ice Magic      | 1 2 3 4 5 |  5.9
Air Magic      | 1 2 3 4 5 |  5.9
Earth Magic    | 1 2 3 4 5 |  5.9
Poison Magic   | 1 2 3 4 5 |  5.9
Fighting       | 7 8 9 |  9.7
Maces & Flails | 7 8 9 |  9.7
Dodging        | 7 8 9 |  9.7
Stealth        | 5 6 7 8 |  8.3

Action                   |  1- 3 |  4- 6 |  7- 9 | 10-12 || total
-------------------------+-------+-------+-------+-------++-------
Melee: Mace              |   100 |   209 |   154 |       ||   463
       Bite              |    13 |    24 |    49 |    60 ||   146
       Punch             |       |     1 |     7 |     6 ||    14
       Morningstar       |       |       |   242 |     1 ||   243
       Whip              |       |       |    49 |       ||    49
       Falchion          |       |       |    11 |       ||    11
       Scimitar          |       |       |       |   339 ||   339
Throw: Dart              |       |    11 |    36 |    25 ||    72
       Stone             |       |     9 |    15 |       ||    24
       Boomerang         |       |       |     4 |    13 ||    17
Evoke: Wand              |       |       |       |     6 ||     6
  Use: Potion            |       |     2 |     5 |     2 ||     9
       Scroll            |       |       |     2 |     4 ||     6
 Stab: Sleeping          |     6 |     4 |     4 |     2 ||    16
       Invisible         |       |       |     3 |       ||     3
       Distracted        |       |       |     3 |       ||     3
       Paralysed         |       |       |       |     6 ||     6
Armor: Robe              |    10 |    23 |       |       ||    33
       Ring mail         |       |    23 |   133 |       ||   156
       Skin              |       |     1 |       |       ||     1
       Leather armour    |       |       |     1 |    93 ||    94
Dodge: Dodged            |    87 |   196 |   410 |   292 ||   985
Block: Kite shield       |       |       |       |   186 ||   186
       Rpst.: Falchion   |       |       |     2 |       ||     2
       Scimitar          |       |       |       |    71 ||    71
